 Dungeon Sprint DCSS version 0.30-a0-54-g2e61a25929 (webtiles) character file.

Game seed: 2941035914394164722

12896 mhtbhm the Ninja (level 12, -18/130 HPs)
             Began as an Octopode Brigand on Sept 7, 2022.
             Was the Champion of Dithmenos.
             Demolished by a crystal guardian (32 damage)
             ... in the Dungeon (Sprint III: "The Ten Rune Challenge").
             The game lasted 00:07:29 (2036 turns).

mhtbhm the Ninja (Octopode Brigand)                 Turns: 2036, Time: 00:07:29

Health: -18/130    AC:  1    Str: 10    XL:     12   Next: 0%
Magic:  13/13      EV: 16    Int: 17    God:    Dithmenos [******]
Gold:   1425       SH:  5    Dex: 18    Spells: 11/11 levels left

rFire   . . .      SeeInvis .    a - +1 dagger (elec)
rCold   . . .      Faith    .    (no shield)
rNeg    . . .      Spirit   .    (helmet restricted)
rPois   +          Reflect  +    q - amulet of reflection
rElec   .          Harm     .    e - ring of Panecsit {rPois rCorr Int+3}
rCorr   +          Rampage  .    (no ring)
Will    .....      NoTele   +    (no ring)
Stlth   ..........               (no ring)
HPRegen 0.31/turn                (no ring)
MPRegen 0.13/turn                (no ring)
                                 (no ring)
                                 (no ring)

@: berserking, wreathed by umbra, very quick
A: almost no armour, amphibious, 8 rings, camouflage 1, gelatinous body 1,
(nimble swimmer 1), tentacles
a: Renounce Religion, Shadow Step, Shadow Form


You were in the Dungeon.
You worshipped Dithmenos.
Dithmenos was exalted by your worship.
You visited 1 branch You collected 2788 gold pieces.
You spent 1363 gold pieces at shops.

Inventory:

Hand Weapons
 a - a +1 dagger of electrocution (weapon)
Missiles
 c - 8 poisoned darts (quivered)
 f - 8 curare-tipped darts
 p - 5 javelins
Jewellery
 e - the ring of Panecsit (left tentacle) {rPois rCorr Int+3}
   (You bought it in a shop in the Dungeon)

   [ring of resist corrosion]

   Int:       It affects your intelligence (+3).
   rPois:     It protects you from poison.
   rCorr:     It protects you from acid and corrosion.
 q - an amulet of reflection (around mantle)
Scrolls
 j - a scroll of fog {unknown}
 k - a scroll of poison {unknown}
 l - 4 scrolls of identify
 n - a scroll of torment {unknown}
Potions
 d - a potion of haste
 g - 2 potions of magic
 h - a potion of berserk rage
 m - 2 potions of flight
 o - 4 potions of mutation
 r - 3 potions of curing
 s - 2 potions of might
Miscellaneous
 i - a lightning rod (4/4)


   Skills:
 + Level 10.0 Fighting
 + Level 13.1 Short Blades
 + Level 11.9 Throwing
 + Level 6.2 Dodging
 O Level 27 Stealth
 + Level 1.9 Invocations
 + Level 8.6 Evocations


You had 11 spell levels left.
You didn't know any spells.
Your spell library contained the following spells:

 Spells                   Type           Power      Damage    Failure   Level
 Ozocubu's Armour         Ice            0%         N/A       56%         3
 Ozocubu's Refrigeration  Ice            0%         4d7       100%        7


Dungeon Overview and Level Annotations

Branches:
Dungeon (1/1)

Altars:
Cheibriados
Dithmenos
Elyvilon
Fedhas
Gozag
Hepliaklqana
Kikubaaqudgha
Makhleb
Nemelex Xobeh
Okawaru
Qazlal
Ru
Sif Muna
Trog
Uskayaw
Vehumet
Wu Jian
Xom
Yredelemnul
Zin
The Shining One
Jiyva
Lugonu

Shops:
D *:[[:!(?=((!

Annotations:
D exclusion: obsidian statue


Innate Abilities, Weirdness & Mutations

You cannot wear most types of armour.
You are amphibious.
You can wear up to eight rings at the same time.
Your skin changes colour to match your surroundings (Stealth+).
Your rubbery body absorbs attacks. (AC +1, EV +1)
((You are camouflaged when in or above water. (Stealth+)))
You have tentacles for arms and can constrict up to eight enemies at once.


Message History

You feel yourself moving faster!
You feel mighty! The crystal guardian misses you.
You are too injured to fight recklessly!
You are too injured to fight recklessly!
You are too injured to fight recklessly!
You are too injured to fight recklessly!
You are too injured to fight recklessly!
You are too injured to fight recklessly!
You are too injured to fight recklessly!
You are too injured to fight recklessly!
You are too injured to fight recklessly!
You are too injured to fight recklessly!
You are too injured to fight recklessly!
You are too injured to fight recklessly!
You are too injured to fight recklessly!
You are too injured to fight recklessly!
You hit the crystal guardian but do no damage.
You hit the crystal guardian but do no damage.
You squeeze the crystal guardian, but do no damage.
You hit the crystal guardian but do no damage.
You squeeze the crystal guardian!
The crystal guardian is lightly damaged.
The crystal guardian fires a crystalline bolt at you.
The crystal bolt freezes you!!!
* * * LOW HITPOINT WARNING * * *
You emit a cloud of dark smoke.
The crystal bolt misses you.
The crystal bolt freezes the crystal guardian.
The crystal guardian completely resists.
You hit the crystal guardian.
The crystal guardian is moderately damaged.
Your shadow hits the crystal guardian but does no damage.
You hit the crystal guardian.
The crystal guardian is heavily damaged.
Your shadow hits the crystal guardian but does no damage.
You hit the crystal guardian but do no damage.
You squeeze the crystal guardian.
The crystal guardian is heavily damaged.
Your shadow hits the crystal guardian but does no damage.
The crystal guardian hits you!!
You die...

#.# ##.∩⌠⌠∩.# #.#
###8#..⌠⌠∩.# #.#
###§§.#.∩∩∩∩.#
#.#'#..§.§#.∩∩∩∩.#
#.#.....§§#......#
#.#.......###''###
#.....§...#.⌠..⌠.#
#########.#......#
#9#§#@#.#........#
#..§9§§§.........#
#..§§§§§.........#
###+##############


You could see a crystal guardian.

Vanquished Creatures
  Frances (D)
  Donald (D)
  Erolcha (D)
  4 orc high priests (D)
  Urug (D)
  A deep elf pyromancer (D)
  A lindwurm (D)
  2 crystal guardians (D)
  An orc sorcerer (D)
  2 cane toads (D)
  A rime drake (D)
  A komodo dragon (D)
  A queen bee (D)
  3 wandering mushrooms (D)
  2 tyrant leeches (D)
  A shadow (D)
  5 redbacks (D)
  A spatial vortex (D)
  4 orc warriors (D)
  A swamp drake (D)
  5 two-headed ogres (D)
  A water elemental (D)
  A necrophage (D)
  A scorpion (D)
  32 killer bees (D)
  A jelly (D)
  5 orc priests (D)
  A wizard (D)
  An orc wizard (D)
  A necromancer (D)
  3 humans (D)
  A kobold demonologist (D)
  7 orcs (D)
  An endoplasm (D)
  3 rats (D)
99 creatures vanquished.

Notes
Turn   | Place    | Note
-------+----------+-------------------------------------------
     0 | D        | mhtbhm the Octopode Brigand began the quest for the Orb.
     0 | D        | Reached XP level 1. HP: 14/14 MP: 1/1
     8 | D        | Reached skill level 6 in Stealth
    48 | D        | Reached skill level 8 in Stealth
    48 | D        | Reached XP level 2. HP: 14/19 MP: 2/2
   193 | D        | Noticed a scorpion
   200 | D        | Killed a scorpion
   201 | D        | Reached skill level 10 in Stealth
   201 | D        | Reached XP level 3. HP: 25/25 MP: 3/3
   201 | D        | Reached XP level 4. HP: 30/30 MP: 4/4
   255 | D        | Noticed a water elemental
   260 | D        | Killed a water elemental
   261 | D        | Reached skill level 12 in Stealth
   261 | D        | Reached XP level 5. HP: 36/36 MP: 5/5
   277 | D        | Found a shadowy altar of Dithmenos.
   278 | D        | Found a basalt altar of Yredelemnul.
   278 | D        | Found a sacrificial altar of Ru.
   280 | D        | Reached skill level 13 in Stealth
   281 | D        | Reached skill level 14 in Stealth
   281 | D        | Reached XP level 6. HP: 42/42 MP: 6/6
   284 | D        | Became a worshipper of Dithmenos the Shadowed
   349 | D        | Found a radiant altar of Vehumet.
   350 | D        | Found a shimmering blue altar of Sif Muna.
   350 | D        | Found an ancient bone altar of Kikubaaqudgha.
   358 | D        | Reached skill level 15 in Stealth
   461 | D        | Found a glowing silver altar of Zin.
   462 | D        | Found a glowing golden altar of the Shining One.
   462 | D        | Found a white marble altar of Elyvilon.
   462 | D        | Noticed a deep elf pyromancer
   464 | D        | Killed a deep elf pyromancer
   464 | D        | Reached * piety under Dithmenos
   465 | D        | Reached skill level 5 in Short Blades
   465 | D        | Reached skill level 18 in Stealth
   465 | D        | Reached XP level 7. HP: 49/49 MP: 7/7
   474 | D        | Found a hide-covered altar of Uskayaw.
   474 | D        | Found an iron altar of Okawaru.
   475 | D        | Found a bloodstained altar of Trog.
   475 | D        | Found an ornate altar of the Wu Jian Council.
   475 | D        | Noticed a human
   475 | D        | Noticed a human
   507 | D        | Killed a human
   508 | D        | Reached skill level 19 in Stealth
   519 | D        | Killed a human
   520 | D        | Reached XP level 8. HP: 53/54 MP: 8/8
   664 | D        | Noticed a shadow
   666 | D        | Killed a shadow
   666 | D        | Reached ** piety under Dithmenos
   667 | D        | Reached skill level 20 in Stealth
   672 | D        | Found a blossoming altar of Fedhas.
   672 | D        | Found a stormy altar of Qazlal.
   673 | D        | Found a snail-covered altar of Cheibriados.
   673 | D        | Found a burning altar of Makhleb.
   673 | D        | Found a hazy altar of Hepliaklqana.
   673 | D        | Found a shimmering altar of Xom.
   673 | D        | Found an opulent altar of Gozag.
   673 | D        | Found a sparkling altar of Nemelex Xobeh.
   673 | D        | Found a corrupted altar of Lugonu.
   673 | D        | Found a viscous altar of Jiyva.
   741 | D        | Reached skill level 5 in Fighting
   741 | D        | Reached *** piety under Dithmenos
   836 | D        | Noticed a two-headed ogre
   839 | D        | Killed a two-headed ogre
   840 | D        | Reached skill level 21 in Stealth
   840 | D        | Reached skill level 1 in Evocations
   840 | D        | Reached XP level 9. HP: 61/61 MP: 9/9
   844 | D        | Noticed a two-headed ogre
   844 | D        | Noticed Erolcha
   846 | D        | Killed Erolcha
   847 | D        | Reached skill level 22 in Stealth
   847 | D        | Killed a two-headed ogre
   856 | D        | Reached **** piety under Dithmenos
   861 | D        | Noticed a wandering mushroom
   865 | D        | Noticed a wandering mushroom
   867 | D        | Noticed a wandering mushroom
   868 | D        | Killed a wandering mushroom
   869 | D        | Reached skill level 10 in Throwing
   873 | D        | Killed a wandering mushroom
   874 | D        | Reached skill level 23 in Stealth
   874 | D        | Reached XP level 10. HP: 69/69 MP: 10/10
   876 | D        | Reached ***** piety under Dithmenos
   888 | D        | Noticed a cane toad
   888 | D        | Noticed a cane toad
   892 | D        | Killed a cane toad
   893 | D        | Reached skill level 10 in Short Blades
   893 | D        | Killed a cane toad
   894 | D        | Reached skill level 24 in Stealth
   919 | D        | Noticed a lindwurm
   922 | D        | Killed a lindwurm
   922 | D        | Reached ****** piety under Dithmenos
   923 | D        | Reached skill level 25 in Stealth
  1010 | D        | Noticed Urug
  1012 | D        | Killed Urug
  1074 | D        | Reached XP level 11. HP: 67/75 MP: 11/11
  1076 | D        | Reached skill level 26 in Stealth
  1300 | D        | Reached skill level 5 in Evocations
  1308 | D        | Reached skill level 27 in Stealth
  1313 | D        | HP: 3/75 [killer bee (9)]
  1614 | D        | Found Ufusiy's General Store.
  1615 | D        | Noticed an orc high priest
  1616 | D        | Noticed an orc sorcerer
  1618 | D        | Noticed a sun demon
  1620 | D        | Killed an orc high priest
  1621 | D        | Killed an orc sorcerer
  1755 | D        | Noticed Donald
  1756 | D        | Noticed Frances
  1757 | D        | Killed Donald
  1758 | D        | Reached skill level 5 in Dodging
  1758 | D        | Killed Frances
  1759 | D        | Reached skill level 1 in Invocations
  1819 | D        | Noticed an obsidian statue
  1821 | D        | Noticed a sixfirhy
  1832 | D        | Noticed a sixfirhy
  1834 | D        | HP: 3/81 [chaos spawn[an obsidian statue] (7)]
  1842 | D        | Found Soastoch's Distillery.
  1842 | D        | Found Hebbuhex's Magic Scroll Shop.
  1842 | D        | Found Nounegul's Distillery.
  1842 | D        | Found Uttunguk's Book Boutique.
  1842 | D        | Found Xufegom's Weapon Emporium.
  1842 | D        | Found Erot's Antique Weapon Shop.
  1842 | D        | Found Asof's Weapon Emporium.
  1842 | D        | Found Fohoxep's Jewellery Boutique.
  1843 | D        | Found Gaqeaf's Antique Armour Boutique.
  1843 | D        | Found Bialeimaku's Armour Shoppe.
  1843 | D        | Found Ominurij's Book Emporium.
  1980 | D        | Bought a potion of heal wounds for 70 gold pieces
  1980 | D        | Bought a potion of haste for 140 gold pieces
  1986 | D        | Bought a runed dagger for 105 gold pieces
  1989 | D        | Bought the ring of Panecsit {rPois rCorr Int+3} for 450
                  | gold pieces
  1990 | D        | Bought an amulet of reflection for 360 gold pieces
  1998 | D        | Bought a potion of curing for 42 gold pieces
  1998 | D        | Bought a potion of curing for 42 gold pieces
  1998 | D        | Bought a potion of curing for 42 gold pieces
  1998 | D        | Bought 2 potions of might for 112 gold pieces
  2020 | D        | Noticed a crystal guardian
  2020 | D        | Noticed a crystal guardian
  2020 | D        | Noticed a crystal guardian
  2020 | D        | Noticed a crystal guardian
  2021 | D        | Killed a crystal guardian
  2024 | D        | Killed a crystal guardian
  2025 | D        | Reached skill level 10 in Fighting
  2025 | D        | Reached XP level 12. HP: 56/87 MP: 13/13
  2036 | D        | Demolished by a crystal guardian

Illustrated notes

Levels and vault maps discovered:
D:        dungeon_sprint_mu [sprint_mu_entry_forest, sprint_mu_temple_rooms,
          sprint_mu_d1_spiders, sprint_mu_d2_genie, sprint_mu_d3_branching,
          sprint_mu_orc_legion, sprint_mu_elf_gauntlet, sprint_mu_hive_nellie,
          sprint_mu_lair_fedhas, sprint_mu_vaults_butterflies,
          sprint_mu_slime_circle, sprint_mu_swamp_cave, sprint_mu_snake_twists,
          sprint_mu_blade_basic, sprint_mu_crypt_fortress,
          sprint_mu_tomb_spiral, sprint_mu_vestibule_basic,
          sprint_mu_gehenna_hellfire, sprint_mu_dis_giant,
          sprint_mu_tartarus_statrot, sprint_mu_cocytus_islands, sprint_mu_zot1]

Skill      XL: |  1  2  3  4  5  6  7  8  9 10 11 |
---------------+----------------------------------+-----
Stealth        | 8 10 12 14 18 19 21 23 25 27 | 27.0
Short Blades   | 3 4 5 6 7 9 11 13 | 13.1
Throwing       | 3 4 6 7 8 10 11 | 11.9
Fighting       | 3 4 5 6 7 10 | 10.0
Dodging        | 2 3 6 |  6.2
Evocations     | 1 2 4 8 |  8.6
Invocations    | 1 |  1.9

Action                   |  1- 3 |  4- 6 |  7- 9 | 10-12 || total
-------------------------+-------+-------+-------+-------++-------
Melee: Dagger            |    10 |     7 |    33 |    68 ||   118
       Tentacles         |     2 |     1 |     8 |    14 ||    25
       Constrict         |     1 |     1 |     1 |    11 ||    14
       Punch             |       |       |     1 |     1 ||     2
Throw: Dart              |     6 |     3 |    13 |     4 ||    26
Invok: Shadow Step       |       |       |       |     2 ||     2
Evoke: Lightning rod     |       |       |     5 |     9 ||    14
  Use: Potion            |       |       |     1 |     7 ||     8
       Scroll            |       |       |     1 |       ||     1
 Stab: Sleeping          |     3 |     4 |     9 |    20 ||    36
Armor: Skin              |       |       |     1 |     3 ||     4
Dodge: Dodged            |     3 |     2 |     7 |    57 ||    69

Table legend: (Time is in decaauts)
 A = Elapsed time spent in this place.
 B = Non-inter-level travel time spent in this place.
 C = Inter-level travel time spent in this place.
 D = Time resting spent in this place.
 E = Time spent auto-exploring this place.
 F = Levels seen in this place.
 G = Mean time per level.
                   A        B        C        D        E       F      G
               +--------+--------+--------+--------+--------+-----+--------+
         Total |   1962 |   1962 |      0 |   1077 |      1 |   1 | 1962.0 |
       Dungeon |   1962 |   1962 |      0 |   1077 |      1 |   1 | 1962.0 |
               +--------+--------+--------+--------+--------+-----+--------+

Top non-repeatable levels by time:
       D: 1962 daAuts
